 Dungeon Crawl Stone Soup version 0.21.1-1-g345015fe64 (webtiles) character file.

5398 CaptDreibein the Cleaver (level 10, -6/79 HPs)
             Began as a Demonspawn Fighter on June 17, 2018.
             Was a Priest of Makhleb.
             Killed from afar by flt's ghost (18 damage)
             ... with a spray of energy
             ... on level 8 of the Dungeon.
             The game lasted 00:30:06 (7452 turns).

CaptDreibein the Cleaver (Demonspawn Fighter)       Turns: 7452, Time: 00:30:07

Health: -6/79      AC: 16    Str: 21    XL:     10   Next: 40%
Magic:  11/11      EV:  5    Int:  9    God:    Makhleb [***...]
Gold:   293        SH:  0    Dex: 12    Spells: 9/9 levels left

rFire    . . .     SeeInvis .   a - +1 war axe
rCold    . . .     Gourm    .   c - +0 shield
rNeg     . . .     Faith    .   w - +1 plate armour
rPois    +         Spirit   .   y - +0 helmet
rElec    .         Reflect  .   (no cloak)
rCorr    .         Harm     .   g - +0 pair of gloves
MR       .....     Rnd*Rage +   (no boots)
Stlth    ..........             (no amulet)
HPRegen  0.23/turn              (no ring)
MPRegen  0.12/turn              (no ring)

@: confused, lethally poisoned (-6 -> -7)
A: claws 2, berserk 1, mutation resistance 1, poison resistance, powered by
death 2, spiny 1, MP-powered wands
a: Minor Destruction, Lesser Servant of Makhleb, Renounce Religion


You were on level 8 of the Dungeon.
You worshipped Makhleb.
Makhleb was most pleased with you.
You were not hungry.

You visited 2 branches of the dungeon, and saw 9 of its levels.
You also visited: Ossuary.

You collected 293 gold pieces.

Inventory:

Hand Weapons
 a - a +1 war axe (weapon)
 D - a +0 mace of crushing
Missiles
 A - 5 tomahawks (quivered)
Armour
 c - a +0 shield (worn)
 g - a +0 pair of gloves (worn)
 w - a +1 plate armour (worn)
 y - a +0 helmet (worn)
Wands
 o - a wand of digging (20)
 u - a wand of polymorph (8)
 z - a wand of random effects (30)
Scrolls
 e - 3 scrolls of magic mapping
 i - 3 scrolls of teleportation
 j - 2 scrolls of immolation
 l - a scroll of fear {unknown}
 m - 2 scrolls of enchant armour
 n - 3 scrolls of remove curse
 q - 3 scrolls of enchant weapon
 t - a scroll of fog
 v - 3 scrolls of amnesia
Potions
 b - 2 potions of ambrosia
 d - a potion of might
 h - 3 potions of curing
 k - 7 potions of lignification
 p - 2 potions of flight
 s - 6 potions of haste
 x - a potion of brilliance
 B - a potion of resistance
 C - a potion of invisibility
 E - 2 potions of agility
 H - a potion of heal wounds
Comestibles
 f - 13 rations
 r - a chunk of flesh


   Skills:
 + Level 7.0 Fighting
 + Level 9.5 Axes
 + Level 0.2 Throwing
 + Level 6.3 Armour
 + Level 1.7 Dodging
 + Level 1.2 Stealth
 + Level 6.7 Shields
 + Level 0.7 Unarmed Combat
 + Level 2.1 Invocations


You had 9 spell levels left.
You didn't know any spells.

Dungeon Overview and Level Annotations

Branches:
Dungeon (8/15)             Temple (1/1) D:4
   Lair: D:8-11

Altars:
Gozag
Makhleb
Nemelex Xobeh
Okawaru
Qazlal
Ru
Wu Jian
Yredelemnul
The Shining One

Annotations:
D:8 flt's ghost, novice GnEn


Innate Abilities, Weirdness & Mutations

You have very sharp fingernails.
You regenerate health from kills.
You are partially covered in sharp spines.
You tend to lose your temper in combat.
You are somewhat resistant to further mutation.
Your system is resistant to poisons. (rPois)
You expend magic power (3 MP) to strengthen your wands.


Message History

You feel better.
Flt's ghost hits you but does no damage.
You miss flt's ghost.
Flt's ghost is severely damaged.
Flt's ghost hits you but does no damage.
You are poisoned.
You slash flt's ghost!
Flt's ghost is severely damaged.
You feel sick. Flt's ghost hits you.
* * * LOW HITPOINT WARNING * * *
You feel sick. Flt's ghost casts a spell at you.
You are confused.
You bump into the granite statue.
Flt's ghost casts a spell at you. You resist with significant effort.
You bump into the rock wall.
You feel sick.
Flt's ghost gestures at you while chanting.
The spray of energy hits you!
You die...

#)# #.# #.# .
#.# ##
.#####.###
#.........#
####.####.####
####.####W...#
.......@.....#
#..8...8..#..#
#..#.$.#..#..#
# #...#..#..#
#...#..#..#
#...#..#..#
#...#..#..#
#+++#..# '..#


You could see flt's ghost.

Vanquished Creatures
  A two-headed ogre (D:6)
  Maurice (D:8)
  Grinder (D:6)
  A hippogriff (D:5)
  A spriggan (D:7)
  Eustachio (D:4)
  The ghost of tim133133 the Chopper, an amateur DDFi (D:4)
  Grum (D:8)
  2 hungry ghosts
  An orc warrior (D:7)
  Purgy (D:4)
  3 sky beasts
  A phantom (D:4)
  5 ogres
  2 centaurs
  4 wolves (D:8)
  A big kobold (D:7)
  4 bullfrogs
  2 scorpions (D:6)
  2 howler monkeys
  2 crimson imps (D:6)
  2 human zombies (Ossuary)
  2 centaur zombies (Ossuary)
  2 hounds
  2 orc priests (D:6)
  2 jellies
  6 orc wizards
  2 bullfrog skeletons
  A gnoll shaman (D:7)
  8 worker ants
  An iguana (D:7)
  A killer bee zombie (D:8)
  A big kobold zombie (Ossuary)
  A hound skeleton (D:4)
  3 mummies (Ossuary)
  A worker ant zombie (D:6)
  13 adders
  3 gnolls (D:7)
  2 howler monkey skeletons (D:7)
  A shadow imp (D:5)
  2 oozes
  3 worms
  4 dart slugs
  5 leopard geckos
  28 orcs
  A ball python (D:1)
  2 giant cockroaches (D:1)
  7 goblins
  11 hobgoblins
  8 jackals
  6 quokkas
  7 bats
  4 frilled lizards
  A goblin zombie (Ossuary)
  A hobgoblin zombie (Ossuary)
  A jackal skeleton (D:4)
  7 kobolds
  A leopard gecko skeleton (D:7)
  An orc zombie (Ossuary)
  A quokka zombie (D:5)
  6 rats
199 creatures vanquished.

Notes
Turn   | Place    | Note
-------+----------+-------------------------------------------
     0 | D:1      | CaptDreibein the Demonspawn Fighter began the quest for the Orb.
     0 | D:1      | Reached XP level 1. HP: 18/18 MP: 1/1
   140 | D:1      | Gained mutation: You are partially covered in sharp spines. [demonic ancestry]
   140 | D:1      | Reached XP level 2. HP: 24/24 MP: 2/2
   180 | D:1      | Reached skill level 2 in Axes
   432 | D:1      | Reached XP level 3. HP: 27/29 MP: 3/3
   828 | D:2      | Gained mutation: You have sharp fingernails. [demonic ancestry]
   828 | D:2      | Reached XP level 4. HP: 19/35 MP: 4/4
  1277 | D:2      | Reached skill level 3 in Axes
  1392 | D:3      | Found a sacrificial altar of Ru.
  1549 | D:3      | Reached XP level 5. HP: 42/42 MP: 5/5
  2035 | D:4      | Noticed Eustachio
  2082 | D:4      | Killed Eustachio
  2082 | D:4      | Reached skill level 1 in Dodging
  2082 | D:4      | Gained mutation: You have very sharp fingernails. [demonic ancestry]
  2082 | D:4      | Reached XP level 6. HP: 5/48 MP: 6/6
  2489 | D:4      | Found a staircase to the Ecumenical Temple.
  2494 | Temple   | Entered the Ecumenical Temple
  2522 | Temple   | Became a worshipper of Makhleb the Destroyer
  2603 | D:4      | Noticed Purgy
  2605 | D:4      | Noticed tim133133's ghost (amateur DDFi)
  2615 | D:4      | Killed Purgy
  2615 | D:4      | Reached skill level 4 in Axes
  2627 | D:4      | Killed tim133133's ghost
  2627 | D:4      | Gained mutation: You regenerate a little health from kills. [demonic ancestry]
  2627 | D:4      | Reached XP level 7. HP: 18/54 MP: 7/7
  3148 | D:4      | Reached skill level 5 in Axes
  3563 | D:5      | Entered Level 5 of the Dungeon
  3579 | D:5      | Reached XP level 8. HP: 61/61 MP: 8/8
  3715 | D:5      | Reached * piety under Makhleb
  3869 | D:5      | Reached skill level 6 in Axes
  3999 | D:5      | Reached skill level 5 in Fighting
  4248 | D:5      | Noticed a hippogriff
  4259 | D:5      | Killed a hippogriff
  4345 | D:6      | Reached skill level 5 in Shields
  4424 | D:6      | Reached skill level 7 in Axes
  4562 | D:6      | Reached ** piety under Makhleb
  4956 | D:6      | Noticed Grinder
  4974 | D:6      | Reached XP level 9. HP: 66/68 MP: 9/9
  4983 | D:6      | Killed Grinder
  4993 | D:6      | Reached skill level 5 in Armour
  5057 | D:6      | Noticed a two-headed ogre
  5064 | D:6      | Killed a two-headed ogre
  5064 | D:6      | Reached skill level 8 in Axes
  5064 | D:6      | Reached skill level 1 in Stealth
  5064 | D:6      | Reached skill level 1 in Invocations
  6178 | D:7      | Gained mutation: You regenerate health from kills. [demonic ancestry]
  6178 | D:7      | Reached XP level 10. HP: 69/77 MP: 11/11
  6556 | D:7      | Gained mutation: You expend magic power (3 MP) to strengthen your wands. [potion of mutation]
  6556 | D:7      | Gained mutation: Your system is resistant to poisons. (rPois) [potion of mutation]
  6556 | D:7      | Gained mutation: You tend to lose your temper in combat. [potion of mutation]
  6556 | D:7      | Gained mutation: You are somewhat resistant to further mutation. [potion of mutation]
  6592 | D:8      | Noticed Maurice
  6613 | D:8      | Killed Maurice
  6613 | D:8      | Reached skill level 9 in Axes
  6647 | D:8      | Noticed flt's ghost (novice GnEn)
  6674 | D:8      | Found a sand-covered staircase.
  6801 | Ossuary  | Entered an ossuary
  7221 | D:8      | Reached *** piety under Makhleb
  7266 | D:8      | Noticed Grum
  7288 | D:8      | Killed Grum
  7452 | D:8      | Killed from afar by flt's ghost

Skill      XL: |  1  2  3  4  5  6  7  8  9 10 |
---------------+-------------------------------+-----
Armour         | 3 4 5 6 |  6.3
Axes           | 2 3 4 5 7 8 9 |  9.5
Shields        | 3 4 5 6 |  6.7
Fighting       | 4 5 6 7 |  7.0
Dodging        | 1 |  1.7
Stealth        | 1 |  1.2
Invocations    | 2 |  2.1
Throwing       | |  0.2
Unarmed Combat | |  0.7

Action                   |  1- 3 |  4- 6 |  7- 9 | 10-12 || total
-------------------------+-------+-------+-------+-------++-------
Melee: War axe           |    69 |    85 |   359 |   161 ||   674
       Unarmed           |       |    19 |       |       ||    19
Throw: Tomahawk          |       |       |     4 |       ||     4
Invok: Minor Destruction |       |       |     4 |       ||     4
  Use: Scroll            |       |       |    10 |    14 ||    24
       Potion            |       |       |       |     4 ||     4
  Eat: Chunk             |       |     6 |     9 |     3 ||    18
       Ration            |       |       |     3 |     1 ||     4
Armor: Scale mail        |    40 |    12 |       |       ||    52
       Plate armour      |       |    57 |   154 |    62 ||   273
       Skin              |       |     5 |       |       ||     5
Dodge: Dodged            |    15 |    54 |    43 |    20 ||   132
Block: Shield            |    33 |    56 |   181 |    58 ||   328
